 Dungeon Crawl Stone Soup version 0.28.0-43-g3370ac3207 (webtiles) character file.

Game seed: 12774453541906541445

348 Bruhh the Cleaver (level 6, -2/51 HPs)
             Began as a Hill Orc Fighter on Mar 29, 2022.
             Slain by Menkaure (14 damage)
             ... on level 4 of the Dungeon.
             The game lasted 00:07:38 (3386 turns).

Bruhh the Cleaver (Hill Orc Fighter)                Turns: 3386, Time: 00:07:38

Health: -2/51      AC:  9    Str: 21    XL:     6   Next: 60%
Magic:  6/6        EV:  9    Int:  8    God:
Gold:   185        SH:  9    Dex: 10    Spells: 5/5 levels left

rFire   . . .      SeeInvis .   l - +2 dagger (venom)
rCold   . . .      Faith    .   c - +0 buckler
rNeg    . . .      Spirit   .   b - +0 scale mail
rPois   .          Reflect  +   (no helmet)
rElec   .          Harm     .   i - +0 cloak
rCorr   .          Rampage  .   n - +0 pair of gloves
Will    .....                   (no boots)
Stlth   ..........              g - amulet of reflection
HPRegen 0.17/turn               (no ring)
MPRegen 0.10/turn               (no ring)

@: studying Crossbows
A: no striking features
a: no special abilities


You were on level 4 of the Dungeon.
You visited 1 branch of the dungeon, and saw 4 of its levels.

You collected 185 gold pieces.

Inventory:

Hand Weapons
 a - a +0 war axe
 l - a +2 dagger of venom (weapon)
Armour
 b - a +0 scale mail (worn)
 c - a +0 buckler (worn)
 i - a +0 cloak (worn)
 n - a +0 pair of gloves (worn)
Jewellery
 g - an amulet of reflection (around neck)
Scrolls
 h - 4 scrolls of identify {unknown}
 j - a scroll of brand weapon {unknown}
 k - a scroll of holy word {unknown}
 o - a scroll of teleportation {unknown}
 q - a scroll of enchant weapon {unknown}
Potions
 e - 3 potions of curing {unknown}
 f - a potion of ambrosia {unknown}
 m - a potion of heal wounds {unknown}
 p - a potion of attraction {unknown}


   Skills:
 - Level 3.6 Fighting
 + Level 9.0 Axes
 - Level 3.2 Armour
 - Level 3.2 Shields


You had 5 spell levels left.
You didn't know any spells.
Your spell library contained the following spells:

 Spells                   Type           Power      Damage    Failure   Level
 Blink                    Tloc           0%         N/A       93%         2
 Animate Dead             Necr           0%         N/A       100%        4
 Borgnjor's Vile Clutch   Necr/Erth      0%         N/A       100%        5
 Manifold Assault         Tloc           0%         N/A       100%        5
 Death Channel            Necr           0%         N/A       100%        6
 Storm Form               Tmut/Air       0%         N/A       100%        7


Dungeon Overview and Level Annotations

Branches:
Dungeon (4/15)
 Temple: D:4-7

Altars:

Annotations:
D:4 Menkaure


Message History

You hit the adder skeleton.
You destroy the adder skeleton!
You block the hobgoblin's attack.
You hit the hobgoblin.
The hobgoblin is poisoned.
The hobgoblin is heavily wounded.
The hobgoblin barely misses you.
You closely miss the hobgoblin.
The hobgoblin is almost dead.
You kill the hobgoblin!
No target in view!
No target in view!
Menkaure, Prince of Dust comes into view.
Menkaure is nearby!
Found 34 stones.
Menkaure grins.
You see here a hound corpse.
You barely miss Menkaure.
Menkaure casts a spell.
Menkaure seems to speed up.
You hit Menkaure but do no damage. You block Menkaure's attack.
You hit Menkaure.
Menkaure is lightly damaged.
Menkaure hits you!
You completely miss Menkaure.
Menkaure is lightly damaged.
You block Menkaure's attack.
You hit Menkaure.
Menkaure is moderately damaged.
Menkaure hits you but does no damage.
You hit Menkaure.
Menkaure is heavily damaged.
Menkaure calls on the powers of darkness!
Your body is wracked with pain!
Menkaure calls on the powers of darkness!
Your body is wracked with pain!
* * * LOW HITPOINT WARNING * * *
Menkaure sighs a few words.
Menkaure sighs a few words.
Menkaure hits you!
You die...

# ##################
##### ##
...............#..
.[....#.
.#############.#.# #...
.# #.#.# #...## .#
#.#.################ .#
#...>............... .#
######.################
.# ..###@# # .#
#.##M###### # .#
#........... # .#
#†##.#.##### # .#
#(..###.#.# # .# #.##
#.# # .# #. #.# .# .##.
... ## ..#.. ...


You could see Menkaure (fast).

Vanquished Creatures
  An ogre (D:4)
  2 hounds (D:4)
  An orc priest (D:3)
  An orc wizard (D:3)
  Robin (D:2)
  4 adders
  2 adder skeletons (D:4)
  2 worms
  A dart slug (D:4)
  4 orcs
  8 ball pythons
  An endoplasm (D:4)
  5 giant cockroaches
  9 hobgoblins
  7 jackals
  2 quokkas (D:1)
  6 bats
  3 frilled lizards (D:3)
  16 goblins
  A quokka skeleton (D:4)
  4 rats
81 creatures vanquished.

Vanquished Creatures (others)
  2 plants (D:2)
2 creatures vanquished.

Grand Total: 83 creatures vanquished

Notes
Turn   | Place    | Note
-------+----------+-------------------------------------------
     0 | D:1      | Bruhh the Hill Orc Fighter began the quest for the Orb.
     0 | D:1      | Reached XP level 1. HP: 19/19 MP: 1/1
    87 | D:1      | Reached skill level 3 in Axes
   131 | D:1      | Reached XP level 2. HP: 7/26 MP: 2/2
   523 | D:1      | Reached skill level 4 in Axes
   866 | D:2      | Reached XP level 3. HP: 20/31 MP: 3/3
  1296 | D:2      | Noticed Robin
  1349 | D:1      | Reached skill level 5 in Axes
  1543 | D:2      | Killed Robin
  1549 | D:2      | Reached XP level 4. HP: 39/39 MP: 4/4
  1962 | D:3      | Reached skill level 6 in Axes
  2078 | D:3      | HP: 1/39 [orc priest/divine providence (11)]
  2375 | D:3      | Reached XP level 5. HP: 45/45 MP: 5/5
  2388 | D:3      | Reached skill level 7 in Axes
  2912 | D:4      | Noticed an ogre
  2919 | D:4      | Killed an ogre
  2920 | D:4      | Reached skill level 8 in Axes
  2920 | D:4      | Reached XP level 6. HP: 42/51 MP: 6/6
  3357 | D:4      | Reached skill level 9 in Axes
  3375 | D:4      | Noticed Menkaure
  3386 | D:4      | Slain by Menkaure

Illustrated notes

Levels and vault maps discovered:
D:1:      dpeg_arrival_tiny_c, layout_rooms, roderic_roman_lattice, minivault_26
D:2:      layout_rooms, serial_bayou_pond_c, minmay_between, uniq_robin
D:3:      layout_basic
D:4:      layout_loops_ring, minmay_manual_mullet, uniq_menkaure

Skill      XL: |  1  2  3  4  5  6 |
---------------+-------------------+-----
Axes           | 3 4 5 6 8 9 |  9.0
Fighting       | |  3.6
Armour         | |  3.2
Shields        | |  3.2

Action                   |  1- 3 |  4- 6 || total
-------------------------+-------+-------++-------
Melee: War axe           |    66 |       ||    66
       Dagger            |    38 |   145 ||   183
  Use: Potion            |       |     1 ||     1
Armor: Scale mail        |    43 |    53 ||    96
Dodge: Dodged            |    44 |    49 ||    93
Block: Buckler           |    59 |    53 ||   112
       Reflection        |       |     1 ||     1
